AoeStats
← BigOleGiraffe

Arabia

510468941Analyzed
1v1 RM · 2d ago on Oct 1, 2026· 36m 6s· 2 players
Game mode
Random Map
Map size
Tiny (2 player)
Population
200
Speed
Normal
Resources
Standard
Victory
Conquest
Starting age
Dark Age
Ending age
Imperial Age
RankedLock teamsTeams togetherTeam positionsShared explorationLock speedFull tech treeHidden civsTurbo modeCheats
Victory
Defeat
🇩🇪 Britons · Germany
1061
+18
🇨🇦 Varangians · Canada
1096
-18
Kevin Durant
6:25 Loom
10:20 Feudal Age
11:49 Man-at-Arms
12:42 Double-Bit Axe
19:49 Fletching
24:14 Castle Age
23:00 Padded Archer Armor
25:32 Wheelbarrow
25:09 Bow Saw
24:30 Crossbowman
25:08 Bodkin Arrow
26:21 Gold Mining
27:38 Leather Archer Armor
29:56 Ballistics
29:28 Town Watch
31:00 Gold Shaft Mining
33:21 Scale Barding Armor
32:42 Light Cavalry
34:12 Stone Mining
35:16 Chain Barding Armor
BigOleGiraffe
6:36 Loom
9:23 Feudal Age
9:55 Double-Bit Axe
12:38 Bloodlines
14:08 Horse Collar
15:56 Scale Barding Armor
16:01 Forging
17:35 Bloodlines
18:28 Forging
19:41 Fletching
22:41 Padded Archer Armor
29:08 Castle Age
29:55 Bodkin Arrow
29:22 Elite Skirmisher
29:56 Light Cavalry
31:51 Leather Archer Armor
34:24 Ballistics
Connection lost

Rejoining the realm…

Still unreachable

The connection could not be restored.

Session expired

The server has moved on; the page needs a fresh start.